 Dungeon Crawl Stone Soup version 0.26.1-11-gd32895ea62 (webtiles) character file.

Game seed: 4529455465779819485

699 infcreate the Sneak (level 7, 40/40 HPs)
             Began as a Vampire Enchanter on May 18, 2021.
             Quit the game on level 3 of the Dungeon.
             The game lasted 00:13:56 (6566 turns).

infcreate the Sneak (Vampire Enchanter)             Turns: 6566, Time: 00:13:57

Health: 40/40      AC:  3    Str:  7    XL:     7   Next: 38%
Magic:  11/11      EV: 14    Int: 17    God:
Gold:   172        SH:  0    Dex: 17    Spells: 3/12 levels left

rFire    . . .     SeeInvis +   a - +5 dagger
rCold    + + .     Faith    .   (no shield)
rNeg     + + +     Spirit   .   b - +0 robe
rPois    ∞         Reflect  .   (no helmet)
rElec    .         Harm     .   j - +0 cloak
rCorr    .         Rampage  .   (no gloves)
Will     .....                  (no boots)
Stlth    ++++++....             (no amulet)
HPRegen  0.13/turn              (no ring)
MPRegen  0.12/turn              (no ring)

@: bloodless
A: fangs 3, see invisible, unbreathing
a: Bat Form, Revivify


You were on level 3 of the Dungeon.
You visited 1 branch of the dungeon, and saw 4 of its levels.
You also visited: Sewer.

You collected 172 gold pieces.


Innate Abilities, Weirdness & Mutations

You do not regenerate when monsters are visible.
You are frail without blood (-20% HP).
You can heal yourself when you bite living creatures.
You are immune to poison.
You have razor-sharp teeth.
You have supernaturally acute eyesight. (SInv)
You can survive without breathing.


   Skills:
 + Level 2.2 Fighting
 * Level 4.5 Short Blades
 + Level 3.7 Dodging
 * Level 7.8 Stealth
 + Level 3.2 Spellcasting
 + Level 5.9 Hexes


You had 3 spell levels left.
You knew the following spells:

 Your Spells              Type           Power        Failure   Level
c - Corona                Hex            24%          1%          1
d - Tukima's Dance        Hex            22%          4%          3
e - Ensorcelled Hibernat  Hex/Ice        24%          8%          2
t - Confusing Touch       Hex            22%          4%          3

Your spell library contained the following spells:

 Spells                   Type           Power        Failure   Level
 Dazzling Flash           Conj/Hex       24%          16%         3

Inventory:

Hand Weapons
 a - a +5 dagger (weapon)
Armour
 b - a +0 robe (worn)
 j - a +0 cloak (worn)
Scrolls
 c - 4 scrolls of amnesia
 f - 2 scrolls of remove curse {@r2}
 g - 2 scrolls of identify {@r1}
 n - a scroll of enchant weapon
Potions
 d - 2 potions of heal wounds {unknown}
 e - 2 potions of degeneration {unknown}
 h - 3 potions of haste {unknown}
 i - 6 potions of curing {unknown}
 l - 3 potions of flight {unknown}
 m - a potion of cancellation {unknown}

Dungeon Overview and Level Annotations

Branches:
Dungeon (4/15)              Sewer (visited)
 Temple: D:4-7

Altars:
Trog

#............<....#
#######..###.#....#
###..##....####
#........#.#
#.....##.#.#####
###.....#........#
##.......#........#
#.............)...#
#..............@..#
#..[........#.#####
#...........#.#
######......#.###
#....>.....#
#.....>....#
#.....#....#
#######....# ######


There were no monsters in sight!


Message History

The goblin hits you.
You see here a +0 war axe.
Casting: Ensorcelled Hibernation (safe; 8% risk of failure)
Confirm with . or Enter, or press ? or * to list all spells.
Aiming: Ensorcelled Hibernation (safe; 8% risk of failure)
Press: ? - help, Shift-Dir - straight line, f - goblin
Aim: a goblin (chance to affect: 61%)
The goblin looks drowsy...
The helpless goblin fails to defend itself.
You bite the goblin, and draw its blood!
You feel better.
You perforate the goblin like a sieve!!!
You kill the goblin!
You see here a +0 dagger.
You now have 172 gold pieces (gained 12).
You see here a +0 dagger.
There is a stone staircase leading up here.
e - 2 red potions (gained 1)
There is a stone staircase leading up here.
Done exploring.
Done exploring.
There is a stone staircase leading down here.
You climb downwards.
There is a stone staircase leading up here.
As you read the scroll labelled SINIOH MUGU, it crumbles to dust.
You feel strangely unstable.
It was a scroll of teleportation.
You climb upwards.
There is a stone staircase leading down here.
Your surroundings suddenly seem different.
Are you sure you want to abandon this character and quit the game? (Confirm with "yes".)

Skill      XL: |  1  2  3  4  5  6 |
---------------+-------------------+-----
Stealth        | 5 6 7 |  7.8
Short Blades   | 2 3 4 |  4.5
Fighting       | 1 2 |  2.2
Hexes          | 5 |  5.9
Dodging        | 3 |  3.7
Spellcasting   | 3 |  3.2

Action                   |  1- 3 |  4- 6 |  7- 9 || total
-------------------------+-------+-------+-------++-------
Melee: Dagger            |    84 |   203 |    46 ||   333
       Bite              |     2 |    22 |     5 ||    29
 Cast: Corona            |    25 |     5 |       ||    30
       Ensorcelled Hiber |    28 |    36 |    22 ||    86
       Confusing Touch   |       |    12 |     5 ||    17
 Abil: Exsanguinate      |     1 |       |       ||     1
  Use: Scroll            |       |     9 |     1 ||    10
 Stab: Sleeping          |    25 |    43 |     7 ||    75
       Confused          |       |     7 |     4 ||    11
       Distracted        |       |     1 |       ||     1
Armor: Robe              |    13 |    13 |     5 ||    31
Dodge: Dodged            |    49 |   106 |    25 ||   180

Levels and vault maps discovered:
D:1:      minmay_arrival_nine_rooms, layout_rooms
D:2:      layout_basic, minmay_door_square, minmay_misc_feat_nine_boxes,
          columned_hall_lemuel, minmay_rat_hole, uniq_jessica, uniq_terence,
          uniq_crazy_yiuf_cottage
D:3:      layout_basic, portal_sewer_entry_d, trog_book
D:4:      layout_basic, nicolae_overflow_crystal_walls

Notes
Turn   | Place    | Note
-------+----------+-------------------------------------------
     0 | D:1      | infcreate the Vampire Enchanter began the quest for the
                  | Orb.
     0 | D:1      | Reached XP level 1. HP: 13/13 MP: 3/3
   119 | D:1      | HP: 1/10 [hobgoblin (2)]
   609 | D:1      | Reached XP level 2. HP: 13/15 MP: 0/5
   612 | D:1      | Learned a level 2 spell: Ensorcelled Hibernation
  1332 | D:1      | You fall into a shaft and drop 1 floor!
  1336 | D:2      | Reached skill level 5 in Stealth
  1336 | D:2      | Reached XP level 3. HP: 20/20 MP: 6/6
  1449 | D:1      | Reached skill level 2 in Short Blades
  2213 | D:2      | Reached XP level 4. HP: 24/24 MP: 2/7
  2219 | D:2      | Learned a level 3 spell: Confusing Touch
  2929 | D:2      | Noticed Jessica
  2936 | D:2      | Killed Jessica
  2937 | D:2      | Reached skill level 1 in Fighting
  3189 | D:2      | Found a runed translucent door.
  3190 | D:2      | Noticed Crazy Yiuf
  3216 | D:2      | Noticed Terence
  3242 | D:2      | Killed Terence
  3243 | D:2      | Reached skill level 3 in Short Blades
  3243 | D:2      | Reached skill level 5 in Hexes
  3243 | D:2      | Reached XP level 5. HP: 21/29 MP: 0/8
  3493 | D:2      | Reached skill level 6 in Stealth
  3582 | D:2      | Killed Crazy Yiuf
  3583 | D:2      | Reached skill level 3 in Dodging
  3708 | D:3      | Found a bloodstained altar of Trog.
  3751 | D:3      | HP: 2/29 [gnoll/+0 spear (7)]
  4273 | D:3      | Found a glowing drain.
  4283 | Sewer    | Entered a sewer
  4379 | Sewer    | Learned a level 3 spell: Tukima's Dance
  4587 | Sewer    | Reached XP level 6. HP: 24/34 MP: 0/10
  4679 | Sewer    | Found a burning altar of Makhleb.
  4739 | Sewer    | Noticed Grinder
  4909 | Sewer    | Reached skill level 4 in Short Blades
  4909 | Sewer    | Reached skill level 7 in Stealth
  4909 | Sewer    | Reached skill level 3 in Spellcasting
  5269 | Sewer    | Killed Grinder
  5270 | Sewer    | Reached skill level 2 in Fighting
  5270 | Sewer    | Reached XP level 7. HP: 38/40 MP: 8/11
  5870 | D:3      | HP: 3/40 [gnoll/+0 spear (11)]
  6566 | D:3      | Quit the game

Vanquished Creatures
  Grinder (Sewer)
  2 big kobolds (Sewer)
  A quasit (Sewer)
  An orc priest (D:3)
  Crazy Yiuf (D:2)
  Jessica (D:2)
  Terence (D:2)
  5 big kobold zombies (Sewer)
  4 gnolls
  4 adders
  4 oozes
  4 worms
  3 dart slugs
  A leopard gecko (D:2)
  10 orcs (D:3)
  5 bats
  3 giant cockroaches
  7 goblins
  6 hobgoblins
  3 jackals (D:2)
  A quokka (D:1)
  4 ball pythons
  5 frilled lizards
  25 kobolds
  2 kobold zombies (Sewer)
  24 rats
128 creatures vanquished.

Vanquished Creatures (others)
  An ufetubus (Sewer)
1 creature vanquished.

Grand Total: 129 creatures vanquished

Table legend: (Time is in decaauts)
 A = Elapsed time spent in this place.
 B = Non-inter-level travel time spent in this place.
 C = Inter-level travel time spent in this place.
 D = Time resting spent in this place.
 E = Time spent auto-exploring this place.
 F = Levels seen in this place.
 G = Mean time per level.
                   A        B        C        D        E       F      G
               +--------+--------+--------+--------+--------+-----+--------+
         Total |   6543 |   6352 |    191 |   1152 |   3746 |   5 | 1308.6 |
       Dungeon |   5390 |   5199 |    191 |   1063 |   3054 |   4 | 1347.5 |
         Sewer |   1153 |   1153 |      0 |     89 |    692 |   1 | 1153.0 |
               +--------+--------+--------+--------+--------+-----+--------+

Top non-repeatable levels by time:
     D:2: 2408 daAuts
     D:1: 1750 daAuts
     D:3: 1228 daAuts
   Sewer: 1153 daAuts
     D:4: 2 daAuts

Table legend:
 A = Non-vault XP
 B = Vault XP
 C = Vault XP percentage of total XP
 D = Non-vault monster count
 E = Vault monster count
 F = Vault count percentage of total count
                 A         B        C        D         E       F
            +---------+---------+-------+---------+---------+-------
      Total |     296 |     703 |  70.4 |      71 |      57 |  44.5
            +---------+---------+-------+---------+---------+-------
        D:1 |      40 |       5 |  11.1 |      22 |       4 |  15.4
        D:2 |     106 |     125 |  54.1 |      27 |      18 |  40.0
        D:3 |     150 |      13 |   8.0 |      22 |       1 |   4.3
      Sewer |       0 |     560 | 100.0 |       0 |      34 | 100.0
            +---------+---------+-------+---------+---------+-------
